 Dungeon Crawl Stone Soup version 0.28.0-43-g3370ac3207 (webtiles) character file.

Game seed: 1356548530751795998

1715 Ablot the Grasshopper (level 9, 0/69 HPs)
             Began as a Gnoll Warper on Mar 19, 2022.
             Was a Plaything of Xom.
             Slain by a killer bee zombie (6 damage)
             ... on level 7 of the Dungeon.
             The game lasted 00:09:23 (6203 turns).

Ablot the Grasshopper (Gnoll Warper)                Turns: 6203, Time: 00:09:24

Health: 0/69       AC:  7    Str: 15    XL:     9   Next: 4%
Magic:  25/27      EV: 13    Int: 12    God:    Xom [....*.]
Gold:   328        SH:  5    Dex: 12    Spells: 16/20 levels left

rFire   . . .      SeeInvis .   y - +7 morningstar "Wafob" {chaos, Will+}
rCold   . . .      Faith    .   (no shield)
rNeg    . . .      Spirit   .   b - +0 leather armour
rPois   .          Reflect  +   f - +0 helmet
rElec   .          Harm     .   o - +0 cloak
rCorr   .          Rampage  .   (no gloves)
Will    +....                   F - +0 pair of boots
Stlth   ++........              k - amulet of reflection
HPRegen 0.21/turn               a - ring of magical power
MPRegen 0.20/turn               (no ring)

@: on blink cooldown
A: fangs 1, strong nose, distributed training
a: Renounce Religion


You were on level 7 of the Dungeon.
You worshipped Xom.
You were a beloved toy of Xom.
You visited 2 branches of the dungeon, and saw 8 of its levels.

You collected 328 gold pieces.

Inventory:

Hand Weapons
 t - the +5 scythe "Finisher" {speed, eviscerate}
   (You found it on level 4 of the Dungeon)

   Attacks with this weapon are significantly faster.
   It may eviscerate those it strikes, slaying them instantly, with a decreasing
   chance against stronger foes.
 y - the +7 morningstar "Wafob" (weapon) {chaos, Will+}
   (You found it on level 4 of the Dungeon)

   Each time it hits an enemy it has a different, random effect.
   Will:      It increases your willpower.
Missiles
 d - 5 boomerangs of dispersal
 e - 28 sling bullets
 g - 169 stones
 p - 45 arrows
 G - 13 bolts
 H - 2 javelins (quivered)
Armour
 b - a +0 leather armour (worn)
 f - a +0 helmet (worn)
 o - a +0 cloak (worn)
 F - a +0 pair of boots (worn)
 J - the +2 leather armour "Xixzeymn" {Harm Fly rF++ Slay-2}
   (You found it on level 7 of the Dungeon)

   Slay:      It affects your accuracy & damage with ranged weapons and melee
   (-2).
   rF:        It greatly protects you from fire.
   Fly:       It grants you flight.
   Harm:      It increases damage dealt and taken.
Magical Staves
 h - a staff of cold
 C - a staff of poison
Jewellery
 a - a ring of magical power (left hand)
 k - an amulet of reflection (around neck)
Wands
 u - a wand of flame (17)
 A - a wand of charming (9)
 I - a wand of acid (10)
Scrolls
 c - a scroll of blinking
 j - 4 scrolls of teleportation {unknown}
 m - 6 scrolls of identify {unknown}
 s - 3 scrolls of fear {unknown}
 x - a scroll of amnesia {unknown}
 z - a scroll of immolation {unknown}
 B - a scroll of holy word {unknown}
 D - 2 scrolls of noise {unknown}
 E - a scroll of enchant armour {unknown}
 K - a scroll of magic mapping {unknown}
Potions
 i - a potion of magic {unknown}
 l - 2 potions of heal wounds {unknown}
 n - 2 potions of curing
 q - a potion of berserk rage {unknown}
 r - a potion of cancellation {unknown}
 v - a potion of degeneration {unknown}
 w - 3 potions of lignification {unknown}


   Skills:
 + Level 6.0 Fighting
 + Level 3.8 Short Blades
 + Level 3.8 Long Blades
 + Level 3.8 Axes
 + Level 3.8 Maces & Flails
 + Level 6.0 Polearms
 + Level 3.8 Staves
 + Level 3.8 Slings
 + Level 3.8 Bows
 + Level 3.8 Crossbows
 + Level 4.6 Throwing
 + Level 4.6 Armour
 + Level 6.0 Dodging
 + Level 3.8 Stealth
 + Level 3.8 Shields
 + Level 3.8 Unarmed Combat
 + Level 6.3 Spellcasting
 + Level 3.1 Conjurations
 + Level 3.1 Hexes
 + Level 3.1 Summonings
 + Level 3.1 Necromancy
 + Level 6.3 Translocations
 + Level 3.1 Transmutations
 + Level 3.1 Fire Magic
 + Level 3.1 Ice Magic
 + Level 3.1 Air Magic
 + Level 3.1 Earth Magic
 + Level 3.1 Poison Magic
 + Level 4.2 Invocations
 + Level 3.8 Evocations


You had 16 spell levels left.
You knew the following spells:

 Your Spells              Type           Power      Damage    Failure   Level
a - Blink                 Tloc           38%        N/A       2%          2
b - Passwall              Tmut/Erth      9%         N/A       9%          2

Your spell library contained the following spells:

 Spells                   Type           Power      Damage    Failure   Level
 Gell's Gravitas          Tloc           19%        N/A       4%          3
 Lesser Beckoning         Tloc           19%        N/A       4%          3
 Teleport Other           Tloc           19%        N/A       4%          3
 Sandblast                Erth           22%        2d7       5%          1
 Stone Arrow              Conj/Erth      22%        3d8       17%         3
 Manifold Assault         Tloc           19%        N/A       38%         5
 Airstrike                Air            5%         N/A       50%         4
 Summon Lightning Spire   Summ/Air       11%        N/A       50%         4
 Lightning Bolt           Conj/Air       5%         1d17      83%         5


Dungeon Overview and Level Annotations

Branches:
Dungeon (7/15)             Temple (1/1) D:5

Altars:
Ashenzari
Cheibriados
Dithmenos
Fedhas
Gozag
Hepliaklqana
Kikubaaqudgha
Makhleb
Nemelex Xobeh
Okawaru
Qazlal
Ru
Sif Muna
Trog
Uskayaw
Vehumet
Wu Jian
Xom
Yredelemnul
Zin

Annotations:
D:3 2 transporters


Innate Abilities, Weirdness & Mutations

You have very sharp teeth.
Your uncanny sense of smell can sniff out nearby items.
Your experience applies equally to all skills.


Message History

You hit something but do no damage. Your bite misses something.
You block something's attack. Something hits you but does no damage.
Something hits you. Something shocks you.
Something hits you but does no damage.
You miss something. You block something's attack.
A sky beast appears from thin air!
Reactivating autopickup.
The sky beast hits you but does no damage.
Something barely misses you.
You impale the sky beast!!
The sky beast suddenly seems more agile.
Xom thinks this is hilarious!
Your punch misses the sky beast.
The sky beast is severely wounded.
Something hits you.
Deactivating autopickup; reactivate with Ctrl-A.
The sky beast hits you.
* * * LOW HITPOINT WARNING * * *
The sky beast shocks you.
* * * LOW HITPOINT WARNING * * *
Something hits you but does no damage.
The sky beast hits you but does no damage.
Something hits you but does no damage.
You barely miss the sky beast. Your bite misses the sky beast.
The sky beast is severely wounded.
Something hits you but does no damage. The sky beast hits you.
* * * LOW HITPOINT WARNING * * *
The sky beast shocks you.
* * * LOW HITPOINT WARNING * * *
Something hits you but does no damage.
Okay, then.
Casting: Blink (safe; 2% risk of failure)
Confirm with . or Enter, or press ? or * to list all spells.
You blink. "Take this token of my esteem."
Something appears at your feet!
You see here a +0 robe.
Something barely misses you.
You see here a +0 robe.
Something hits you.
You die...

#$# ### ####...
...# #....#.##
#...##.... ..#
.§......# #.#
≈§#...##.###.# # §
≈....#..##.##.#
.§≈≈#..#.Y......#
..≈≈....<###@##.
$.≈≈.......[.#
.≈≈§#..#######..
≈≈§.... #.. ###
≈§..... #... ####
##.. #.....∆ #...
#.. ...# ....#..
###...##.####..###
#.#.#..
...........##..##.
...........##..##.


You could see a sky beast (agile).

Vanquished Creatures
  Sigmund (D:6)
  Edmund (D:6)
  2 black bears (D:4)
  2 necrophages
  An ogre (D:5)
  Blork the orc (D:4)
  2 scorpions
  A wyvern skeleton (D:7)
  A water moccasin skeleton (D:7)
  2 howler monkeys (D:6)
  A centaur zombie (D:6)
  A bullfrog zombie (D:5)
  A gnoll shaman (D:5)
  2 hounds
  A jelly (D:5)
  A bullfrog skeleton (D:5)
  2 orc wizards
  2 iguanas
  A killer bee zombie (D:5)
  3 gnolls (D:5)
  2 adders
  A shadow imp (D:6)
  An adder skeleton (D:4)
  2 worms (D:2)
  5 dart slugs
  7 orcs
  9 endoplasms
  3 giant cockroaches
  9 goblins
  9 hobgoblins
  6 jackals
  3 quokkas (D:4)
  4 ball pythons
  9 bats
  3 frilled lizards (D:1)
  5 kobolds
  2 rats (D:1)
109 creatures vanquished.

Vanquished Creatures (collateral kills)
  2 ogres (D:6)
2 creatures vanquished.

Vanquished Creatures (others)
  8 plants (D:3)
8 creatures vanquished.

Grand Total: 119 creatures vanquished

Notes
Turn   | Place    | Note
-------+----------+-------------------------------------------
     0 | D:1      | Ablot the Gnoll Warper began the quest for the Orb.
     0 | D:1      | Reached XP level 1. HP: 20/20 MP: 6/6
   281 | D:1      | Reached XP level 2. HP: 16/26 MP: 7/7
   402 | D:1      | Learned a level 2 spell: Blink
   808 | D:1      | Reached XP level 3. HP: 31/31 MP: 9/9
   841 | D:1      | Reached skill level 5 in Spellcasting
  1542 | D:2      | Reached skill level 1 in Invocations
  1830 | D:2      | Reached skill level 1 in Short Blades
  1830 | D:2      | Reached skill level 1 in Long Blades
  1830 | D:2      | Reached skill level 1 in Axes
  1830 | D:2      | Reached skill level 1 in Maces & Flails
  1830 | D:2      | Reached skill level 1 in Staves
  1830 | D:2      | Reached skill level 1 in Slings
  1830 | D:2      | Reached skill level 1 in Bows
  1830 | D:2      | Reached skill level 1 in Crossbows
  1830 | D:2      | Reached skill level 1 in Stealth
  1830 | D:2      | Reached skill level 1 in Shields
  1830 | D:2      | Reached skill level 1 in Unarmed Combat
  1830 | D:2      | Reached skill level 1 in Evocations
  2272 | D:3      | Reached XP level 4. HP: 32/38 MP: 11/11
  2620 | D:3      | Noticed a scorpion
  2629 | D:3      | Killed a scorpion
  2630 | D:3      | Reached skill level 1 in Conjurations
  2630 | D:3      | Reached skill level 1 in Hexes
  2630 | D:3      | Reached skill level 1 in Summonings
  2630 | D:3      | Reached skill level 1 in Necromancy
  2630 | D:3      | Reached skill level 1 in Transmutations
  2630 | D:3      | Reached skill level 1 in Fire Magic
  2630 | D:3      | Reached skill level 1 in Ice Magic
  2630 | D:3      | Reached skill level 1 in Air Magic
  2630 | D:3      | Reached skill level 1 in Earth Magic
  2630 | D:3      | Reached skill level 1 in Poison Magic
  2630 | D:3      | Reached XP level 5. HP: 34/43 MP: 9/12
  2739 | D:3      | Found a shadowy altar of Dithmenos.
  2757 | D:3      | Found a sparkling altar of Nemelex Xobeh.
  2759 | D:3      | Noticed a centaur
  2785 | D:3      | Found a transporter.
  2844 | D:3      | Found a transporter.
  2982 | D:4      | Found the +5 scythe "Finisher" {speed, eviscerate}
  3017 | D:4      | Noticed a necrophage
  3020 | D:4      | Killed a necrophage
  3021 | D:4      | Reached XP level 6. HP: 50/50 MP: 13/13
  3141 | D:4      | Noticed a black bear
  3143 | D:4      | Noticed a black bear
  3145 | D:4      | Killed a black bear
  3146 | D:4      | Reached skill level 5 in Fighting
  3146 | D:4      | Reached skill level 5 in Polearms
  3146 | D:4      | Reached skill level 5 in Dodging
  3148 | D:4      | Killed a black bear
  3149 | D:4      | Found a bloodstained altar of Trog.
  3149 | D:4      | Noticed Blork the orc
  3155 | D:4      | Killed Blork the orc
  3156 | D:4      | Reached XP level 7. HP: 46/56 MP: 15/15
  3381 | D:4      | Identified the +7 morningstar "Wafob" {chaos, Will+}
  3627 | D:4      | Found a radiant altar of Vehumet.
  3777 | D:5      | Entered Level 5 of the Dungeon
  4163 | D:5      | Found a burning altar of Makhleb.
  4343 | D:5      | Reached XP level 8. HP: 63/63 MP: 16/16
  4406 | D:5      | Found a staircase to the Ecumenical Temple.
  4412 | Temple   | Entered the Ecumenical Temple
  4479 | Temple   | Became a worshipper of The Xom-Meister
  4697 | D:5      | XOM: silly message
  4751 | D:5      | Found a stormy altar of Qazlal.
  5182 | D:6      | XOM: confusion (+ monsters)
  5317 | D:6      | Found a snail-covered altar of Cheibriados.
  5355 | D:6      | XOM: 3-stop teleportation journey
  5382 | D:6      | XOM: noise
  5396 | D:6      | XOM: cast spell 'Summon Cactus Giant'
  5603 | D:6      | Noticed Edmund
  5612 | D:6      | Killed Edmund
  5632 | D:6      | Noticed Sigmund
  5634 | D:6      | XOM: fog
  5639 | D:6      | Killed Sigmund
  6047 | D:7      | XOM: noise
  6054 | D:7      | Identified the +2 leather armour "Xixzeymn" {Harm Fly rF++
                  | Slay-2}
  6110 | D:7      | Reached XP level 9. HP: 52/69 MP: 18/18
  6125 | D:7      | Learned a level 2 spell: Passwall
  6202 | D:7      | XOM: god gift: robe {god gift}
  6203 | D:7      | Slain by a killer bee zombie

Illustrated notes

Levels and vault maps discovered:
D:1:      dpeg_arrival_windows_large_door, layout_loops_ring,
          serial_co_window_serial, co_window_paths_a, co_window_paths_b,
          co_window_of_opportunity_a, co_window_cross_1, co_window_corner_a,
          co_window_corner_cb, co_window_of_opportunity_c, co_window_broadway_b,
          co_window_2corner, co_window_of_opportunity_b, co_window_2corner,
          co_window_2corner, glass_columns_a, minmay_heptomino_o4
D:2:      layout_loops_ring
D:3:      layout_rooms, mainiacjoe_overflow_cross_hatched,
          gammafunk_temple_overflow_arena, serial_bayou_pond_d
D:4:      layout_loops_ring, trog_ov_bears_minmay, vehumet_crystals,
          kennysheep_generic_room_5, uniq_blork_the_orc
D:5:      layout_basic, lemuel_round_altar, amcnicky_altar_gilded,
          minmay_temple_entry_fiery
D:6:      layout_gridville, kennysheep_slug_shrine, minmay_misc_feat_tiny,
          sigmund_edmund_badplayer
D:7:      layout_loops_cross, nicolae_tso_besieged_by_evil, st_stairs_5,
          hangedman_misty_isle, uniq_maggie
Temple:   cyrus_circular_temple

Skill      XL: |  1  2  3  4  5  6  7  8 |
---------------+-------------------------+-----
Spellcasting   | 5 6 |  6.3
Invocations    | 1 2 3 4 |  4.2
Short Blades   | 1 2 3 |  3.8
Long Blades    | 1 2 3 |  3.8
Axes           | 1 2 3 |  3.8
Maces & Flails | 1 2 3 |  3.8
Staves         | 1 2 3 |  3.8
Slings         | 1 2 3 |  3.8
Bows           | 1 2 3 |  3.8
Crossbows      | 1 2 3 |  3.8
Stealth        | 1 2 3 |  3.8
Shields        | 1 2 3 |  3.8
Unarmed Combat | 1 2 3 |  3.8
Evocations     | 1 2 3 |  3.8
Conjurations   | 1 2 3 |  3.1
Hexes          | 1 2 3 |  3.1
Summonings     | 1 2 3 |  3.1
Necromancy     | 1 2 3 |  3.1
Transmutations | 1 2 3 |  3.1
Fire Magic     | 1 2 3 |  3.1
Ice Magic      | 1 2 3 |  3.1
Air Magic      | 1 2 3 |  3.1
Earth Magic    | 1 2 3 |  3.1
Poison Magic   | 1 2 3 |  3.1
Throwing       | 3 4 |  4.6
Armour         | 3 4 |  4.6
Fighting       | 5 6 |  6.0
Polearms       | 5 6 |  6.0
Dodging        | 5 6 |  6.0
Translocations | 6 |  6.3

Action                   |  1- 3 |  4- 6 |  7- 9 || total
-------------------------+-------+-------+-------++-------
Melee: Spear             |   154 |     9 |       ||   163
       Bite              |    15 |     5 |     9 ||    29
       Punch             |     3 |     1 |     1 ||     5
       Trident           |       |    53 |       ||    53
       Scythe            |       |    28 |    61 ||    89
       Morningstar       |       |       |    60 ||    60
Throw: Stone             |       |     3 |       ||     3
       Javelin           |       |     2 |     4 ||     6
 Cast: Blink             |       |     1 |     1 ||     2
  Use: Potion            |       |       |     1 ||     1
 Stab: Sleeping          |     3 |       |     2 ||     5
Armor: Leather armour    |    28 |    20 |    34 ||    82
Dodge: Dodged            |    43 |    39 |    78 ||   160
Block: Other             |    10 |    16 |    20 ||    46
       Reflection        |       |     1 |       ||     1
